 Dungeon Crawl Stone Soup version 0.32-a0-893-gf85d74f360 (webtiles) character file.

Game seed: 5771041119927782225

65 Tessien the Grasshopper (level 3, 0/28 HPs)
             Began as a Demonspawn Warper on Apr 3, 2024.
             Slain by a cerulean imp
             ... wielding a +1 spear
             ... summoned by Natasha
              (1 damage)
             ... on level 2 of the Dungeon.
             The game lasted 00:01:55 (829 turns).

Tessien the Grasshopper (Demonspawn Warper)          Turns: 829, Time: 00:01:56

Health: 0/28       AC: 10    Str: 11    XL:     3   Next: 92%
Magic:  6/6        EV: 10    Int: 15    God:
Gold:   101        SH:  0    Dex: 12    Spells: 4/6 levels left

rFire   . . .        a - +0 mace
rCold   . . .        (no shield)
rNeg    . . .        b - +0 leather armour
rPois   .            (no helmet)
rElec   .            i - +0 cloak
rCorr   .            (no gloves)
SInv    .            (no boots)
Will    .....        j - amulet of regeneration
Stlth   +            (no ring)
HPRegen 1.04/turn    (no ring)
MPRegen 0.10/turn

%: no passive effects
@: sanguine armoured, slowed, very slow
A: claws 1, sanguine armour 1
a: no special abilities


You were on level 2 of the Dungeon.
You visited 1 branch of the dungeon, and saw 2 of its levels.

You collected 101 gold pieces.

Inventory:

Hand Weapons
 a - a +0 mace (weapon)
Missiles
 d - 7 darts of dispersal
 h - 11 stones (quivered)
Armour
 b - a +0 leather armour (worn)
 i - a +0 cloak (worn)
Jewellery
 j - an amulet of regeneration (around neck)
Scrolls
 c - a scroll of blinking
 e - a scroll of immolation {unknown}
 f - a scroll of torment {unknown}
 k - a scroll of noise {unknown}
Potions
 g - a potion of haste {unknown}
 l - a potion of brilliance {unknown}


   Skills:
 * Level 2.6 Fighting
 - Level 1.7 Maces & Flails
 + Level 1.3 Throwing
 + Level 1.2 Armour
 + Level 2.0 Dodging
 + Level 0.9 Stealth
 * Level 1.0 Unarmed Combat
 + Level 2.3 Spellcasting
 + Level 2.9 Translocations


You had 4 spell levels left.
You knew the following spells:

 Your Spells              Type           Power      Damage    Failure   Level
a - Blink                 Tloc           20%        N/A       13%         2

Your spell library contained the following spells:

 Spells                   Type           Power      Damage    Failure   Level
 Lesser Beckoning         Tloc           20%        N/A       13%         2
 Maxwell's Portable Pile  Tloc           10%        2d(6-16)  26%         3
 Teleport Other           Tloc           10%        N/A       26%         3
 Vhi's Electric Charge    Tloc/Air       12%        N/A       83%         4


Dungeon Overview and Level Annotations

Branches:
Dungeon (2/15)

Altars:

Annotations:
D:2 Natasha


Innate Abilities, Weirdness & Mutations

You have sharp fingernails.
When seriously injured, your blood forms armour. (AC +6)


Message History

Natasha is severely wounded.
Natasha stares at you and mumbles some strange words.
You feel as though you will be slow longer.
The cerulean imp barely misses you.
Natasha howls an incantation.
You feel troubled. Natasha barely misses you.
The cerulean imp barely misses you.
You closely miss Natasha.
Natasha is severely wounded.
Natasha barely misses you. The cerulean imp barely misses you.
Natasha barely misses you. The cerulean imp barely misses you.
You closely miss Natasha.
Natasha is severely wounded.
Natasha closely misses you. The cerulean imp barely misses you.
Natasha claws you but does no damage.
The cerulean imp hits you but does no damage.
You closely miss Natasha.
Natasha is severely wounded.
Natasha claws you. The cerulean imp barely misses you.
Natasha claws you but does no damage.
The cerulean imp hits you but does no damage.
You hit Natasha but do no damage.
Natasha is heavily wounded.
Natasha claws you but does no damage.
The cerulean imp hits you from afar with a +4 spear.
Natasha mumbles some strange words.
The cerulean imp barely misses you.
You hit Natasha.
Natasha is severely wounded.
Natasha howls an incantation.
Natasha shimmers violently.
Natasha casts a spell at you. The magic dart hits you.
The cerulean imp closely misses you. x2
Natasha stares at you and mumbles some strange words.
The magic dart hits you!
* * * LOW HITPOINT WARNING * * *
The cerulean imp hits you from afar with a +4 spear.
* * * LOW HITPOINT WARNING * * *
The cerulean imp hits you with a +1 spear.
You die...

# # .#
....##########.#
.....5h@5......###.
..#########........
................
########.#######
#....).......#
#.####.#..##.#
######.####.#...#
#........##.. ...<
#........##########


You could see Natasha and 2 cerulean imps.

Vanquished Creatures
  Natasha (D:2)
  An adder (D:2)
  2 endoplasms (D:1)
  2 giant cockroaches (D:1)
  2 goblins (D:1)
  A hobgoblin (D:1)
  6 jackals (D:1)
  4 kobolds
  6 ball pythons (D:1)
  A bat (D:1)
  A frilled lizard (D:1)
  3 rats (D:1)
30 creatures vanquished.

Notes
Turn   | Place    | Note
-------+----------+-------------------------------------------
     0 | D:1      | Tessien the Demonspawn Warper began the quest for the Orb.
     0 | D:1      | Reached XP level 1. HP: 16/16 MP: 3/3
    82 | D:1      | Reached skill level 1 in Throwing
    82 | D:1      | Reached skill level 1 in Armour
   176 | D:1      | Gained mutation: You have sharp fingernails. [demonic
                  | ancestry]
   176 | D:1      | Reached XP level 2. HP: 22/22 MP: 5/5
   179 | D:1      | Learned a level 2 spell: Blink
   684 | D:1      | Found a faded altar of an unknown god.
   689 | D:1      | Gained mutation: When seriously injured, your blood forms
                  | armour. (AC +6) [demonic ancestry]
   689 | D:1      | Reached XP level 3. HP: 28/28 MP: 6/6
   778 | D:2      | Noticed Natasha
   790 | D:2      | Killed Natasha
   804 | D:2      | Noticed Natasha
   810 | D:2      | Reached skill level 1 in Unarmed Combat
   829 | D:2      | HP: 1/28 [cerulean imp/+4 spear[Natasha] (1)]
   829 | D:2      | Slain by a cerulean imp

Illustrated notes

Levels and vault maps discovered:
D:1:      wander_arrival_abandoned_jail, layout_rooms,
          chequers_ecumenical_altar_lobes, item_on_display_b
D:2:      layout_basic, uniq_natasha, uniq_sigmund

Skill      XL: |  1  2  3 |
---------------+----------+-----
Throwing       | 1 |  1.3
Armour         | 1 |  1.2
Dodging        | 2 |  2.0
Unarmed Combat | 1 |  1.0
Fighting       | |  2.6
Maces & Flails | |  1.7
Stealth        | |  0.9
Spellcasting   | |  2.3
Translocations | |  2.9

Action                     || total
---------------------------++-------
  Melee: Mace              ||   105
   Cast: Blink             ||     1
 Armour: Leather armour    ||   116
  Dodge: Dodged            ||   108

Table legend: (Time is in decaauts)
 A = Elapsed time spent in this place.
 B = Non-inter-level travel time spent in this place.
 C = Inter-level travel time spent in this place.
 D = Time resting spent in this place.
 E = Time spent auto-exploring this place.
 F = Levels seen in this place.
 G = Mean time per level.
                   A        B        C        D        E       F      G
               +--------+--------+--------+--------+--------+-----+--------+
         Total |    876 |    852 |     24 |    143 |    432 |   2 |  438.0 |
       Dungeon |    876 |    852 |     24 |    143 |    432 |   2 |  438.0 |
               +--------+--------+--------+--------+--------+-----+--------+

Top non-repeatable levels by time:
     D:1: 792 daAuts
     D:2: 84 daAuts
